 Dungeon Crawl Stone Soup version 0.31-a0-1178-gc5c9b8f871 (webtiles) character file.

Game seed: 15450562234728587469

217 grandjackal the Chopper (level 5, -10/42 HPs)
             Began as a Demonspawn Gladiator on Dec 12, 2023.
             Killed by divine providence
             ... invoked by an orc priest
              (15 damage)
             ... on level 7 of the Dungeon.
             The game lasted 00:03:17 (2124 turns).

grandjackal the Chopper (Demonspawn Gladiator)      Turns: 2124, Time: 00:03:18

Health: -10/42     AC:  9    Str: 17    XL:     5   Next: 62%
Magic:  5/5        EV: 14    Int:  8    God:
Gold:   117        SH:  4    Dex: 14    Spells: 4/4 levels left

rFire   . . .        a - +0 war axe
rCold   . . .        (no shield)
rNeg    . . .        g - +0 ring mail
rPois   .            o - +1 helmet
rElec   .            k - +0 cloak
rCorr   .            c - +0 pair of gloves
SInv    .            (no boots)
Will    +....        (no amulet)
Stlth   +            (no ring)
HPRegen 0.27/turn    (no ring)
MPRegen 0.09/turn

%: no passive effects
@: attractive, enlightened, flying, hasted, very quick
A: repulsion field 2, large bone plates 1, evolution 1, MP-powered wands
a: no special abilities


You were on level 7 of the Dungeon.
You visited 1 branch of the dungeon, and saw 6 of its levels.

You collected 117 gold pieces.

Inventory:

Hand Weapons
 a - a +0 war axe (weapon)
Missiles
 d - 3 throwing nets (quivered)
 e - a javelin
Armour
 c - a +0 pair of gloves (worn)
 g - a +0 ring mail (worn)
 k - a +0 cloak (worn)
 o - a +1 helmet (worn)
Scrolls
 b - a scroll of teleportation {unknown}
 f - 3 scrolls of amnesia {unknown}
 i - 3 scrolls of identify {unknown}
 j - a scroll of summoning {unknown}
 l - a scroll of vulnerability {unknown}
 p - 3 scrolls of immolation {unknown}
 r - a scroll of enchant weapon {unknown}
 s - a scroll of noise {unknown}


   Skills:
 + Level 4.2 Fighting
 + Level 4.3 Axes
 - Level 2.0 Throwing
 - Level 3.0 Dodging


You had 4 spell levels left.
You didn't know any spells.
Your spell library was empty.

Dungeon Overview and Level Annotations

Branches:
Dungeon (7/15)
 Temple: D:4-7

Altars:


Innate Abilities, Weirdness & Mutations

You are surrounded by a moderate repulsion field. (EV +3)
You are partially covered in large bone plates. (SH +4)
You have hidden genetic potential.
You expend magic power (3 MP) to strengthen your wands.


Message History

Unknown command.
You hit the bullfrog but do no damage.
The bullfrog is severely wounded.
You barely miss the orc. You slash the black bear!
The bullfrog barely misses you.
The black bear goes berserk!
The orc misses you.
The bullfrog hits you but does no damage.
Unknown command.
Unknown command.
You feel better.
The black bear bites you but does no damage.
The black bear claws you but does no damage.
The black bear barely misses you. The bullfrog hits you.
* * * LOW HITPOINT WARNING * * *
The orc hits you but does no damage.
Unknown command.
Unknown command.
You feel as though your hastened speed will last longer.
The black bear bites you.
* * * LOW HITPOINT WARNING * * *
You block the black bear's attack.
The black bear claws you but does no damage.
The bullfrog misses you.
You hit the black bear but do no damage.
The black bear is severely wounded.
You hit the bullfrog. You hit the orc but do no damage.
The black bear closely misses you. The black bear claws you.
* * * LOW HITPOINT WARNING * * *
The black bear claws you but does no damage.
You block the orc's attack.
The bullfrog hits you but does no damage.
You hit the bullfrog.
You kill the bullfrog!
You slash the black bear! You barely miss the orc. The black bear misses you.
The black bear claws you.
* * * LOW HITPOINT WARNING * * *
The black bear completely misses you. You block the orc's attack.
The orc priest invokes the aid of Beogh against you.
Beogh smites you!
You die...

..# ####
.... ...
ยง..# #..
#..###.. ##
#o.#.. (
#oo.# .#
#ho# .#
###@o## ..#
#.....##..#
....#####..#
...# ##.##
##..# #..##
#..# ##...#
#..##....#
#.......#
#.......#


You could see a black bear (berserk), 2 orc priests and 3 orcs.

Vanquished Creatures
  2 bullfrogs
  An iguana (D:3)
  Robin (D:2)
  3 adders
  2 dart slugs
  5 bats
  8 endoplasms
  3 giant cockroaches
  5 hobgoblins
  6 kobolds
  7 quokkas
  5 ball pythons
  2 frilled lizards (D:1)
  22 goblins
  2 rats
74 creatures vanquished.

Notes
Turn   | Place    | Note
-------+----------+-------------------------------------------
     0 | D:1      | grandjackal the Demonspawn Gladiator began the quest for
                  | the Orb.
     0 | D:1      | Reached XP level 1. HP: 16/16 MP: 1/1
   120 | D:1      | Gained mutation: You are surrounded by a mild repulsion
                  | field. (EV +2) [demonic ancestry]
   120 | D:1      | Reached XP level 2. HP: 18/22 MP: 2/2
   436 | D:1      | Reached XP level 3. HP: 27/28 MP: 3/3
   443 | D:1      | Found a faded altar of an unknown god.
  1060 | D:2      | Reached XP level 4. HP: 31/35 MP: 4/4
  1226 | D:2      | Noticed Robin
  1238 | D:2      | Killed Robin
  1793 | D:3      | Gained mutation: You are surrounded by a moderate repulsion
                  | field. (EV +3) [demonic ancestry]
  1793 | D:3      | Reached XP level 5. HP: 19/42 MP: 5/5
  1894 | D:3      | You fall into a shaft and drop 3 floors!
  2053 | D:5      | Entered Level 5 of the Dungeon
  2102 | D:7      | Noticed a black bear
  2110 | D:7      | Gained mutation: You expend magic power (3 MP) to
                  | strengthen your wands. [potion of mutation]
  2110 | D:7      | Gained mutation: You have hidden genetic potential. [potion
                  | of mutation]
  2110 | D:7      | Gained mutation: You are partially covered in large bone
                  | plates. (SH +4) [potion of mutation]
  2119 | D:7      | HP: 1/42 [orc priest/divine providence (14)]
  2124 | D:7      | Killed from afar by an orc priest

Illustrated notes

Levels and vault maps discovered:
D:1:      minmay_arrival_doors, layout_rooms,
          shapermc_ecumenical_altar_totnotflames, minmay_misc_feat_encased,
          minivault_27
D:2:      layout_loops_cross, uniq_robin
D:3:      minmay_diamond_boxcup, layout_rooms, minmay_surrounded
D:5:      layout_basic, minmay_temple_entry_mini_moons
D:6:      layout_basic, minmay_fractal_squares_diagonal_5
D:7:      layout_layer_cave, lightli_ossuary_entry_decrepit_ruins

Skill      XL: |  1  2  3  4  5 |
---------------+----------------+-----
Throwing       | 2 |  2.0
Dodging        | 3 |  3.0
Axes           | 3 4 |  4.3
Fighting       | 3 4 |  4.2

Action                     |  1- 3 |  4- 6 || total
---------------------------+-------+-------++-------
  Melee: War axe           |   107 |   106 ||   213
         Punch             |     2 |     1 ||     3
    Use: Potion            |       |     8 ||     8
 Armour: Leather armour    |    21 |       ||    21
         Ring mail         |    44 |   111 ||   155
  Dodge: Dodged            |    94 |   103 ||   197
  Block: Other             |       |     8 ||     8

Table legend: (Time is in decaauts)
 A = Elapsed time spent in this place.
 B = Non-inter-level travel time spent in this place.
 C = Inter-level travel time spent in this place.
 D = Time resting spent in this place.
 E = Time spent auto-exploring this place.
 F = Levels seen in this place.
 G = Mean time per level.
                   A        B        C        D        E       F      G
               +--------+--------+--------+--------+--------+-----+--------+
         Total |   2186 |   2137 |     49 |    461 |   1063 |   6 |  364.3 |
       Dungeon |   2186 |   2137 |     49 |    461 |   1063 |   6 |  364.3 |
               +--------+--------+--------+--------+--------+-----+--------+

Top non-repeatable levels by time:
     D:2: 878 daAuts
     D:1: 818 daAuts
     D:3: 258 daAuts
     D:6: 197 daAuts
     D:7: 31 daAuts
     D:5: 1 daAuts
